 Dungeon Crawl Stone Soup version 0.28-a0-895-g6e5f11bd55 (webtiles) character file.

Game seed: 16814468825661418417

4617 TheGamechu the Spear-Bearer (level 10, -4/82 HPs)
             Began as a Merfolk Gladiator on Nov 22, 2021.
             Was a Priest of Qazlal.
             Succumbed to Erica's bolt of poison
             ... on level 8 of the Dungeon.
             The game lasted 00:21:18 (8231 turns).

TheGamechu the Spear-Bearer (Merfolk Gladiator)     Turns: 8231, Time: 00:21:19

Health: -4/82      AC: 16    Str: 19    XL:     10   Next: 42%
Magic:  6/15       EV: 18    Int:  7    God:    Qazlal [***...]
Gold:   248        SH:  4    Dex: 25    Spells: 9/9 levels left

rFire   . . .      SeeInvis .   a - +0 trident (elec)
rCold   . . .      Faith    .   (no shield)
rNeg    . . .      Spirit   .   j - +6 scale mail of Hangman {Str+4}
rPois   +          Reflect  .   c - +1 helmet
rElec   .          Harm     .   e - +0 cloak
rCorr   .          Rampage  .   n - +0 pair of gloves
Will    .....                   (no boots)
Stlth   +.........              (no amulet)
HPRegen 0.23/turn               i - +6 ring of dexterity
MPRegen 0.14/turn               k - ring of poison resistance

@: lethally poisoned (-4 -> -20), about to teleport, slowed, studying Throwing,
invisible (expiring), very slow
A: (nimble swimmer 2), mertail
a: Renounce Religion, Upheaval, Elemental Force


You were on level 8 of the Dungeon.
You worshipped Qazlal.
Qazlal was most pleased with you.
You visited 2 branches of the dungeon, and saw 9 of its levels.

You collected 248 gold pieces.

Inventory:

Hand Weapons
 a - a +0 trident of electrocution (weapon)
Missiles
 b - 7 boomerangs (quivered)
 d - 3 throwing nets
 f - 222 stones
 y - 7 poisoned darts
Armour
 c - a +1 helmet (worn)
 e - a +0 cloak (worn)
 j - the +6 scale mail of Hangman (worn) {Str+4}
   (You took it off an orc on level 4 of the Dungeon)

   Str:       It affects your strength (+4).
 n - a +0 pair of gloves (worn)
 u - a +2 ring mail of willpower
Jewellery
 i - a +6 ring of dexterity (left hand)
 k - a ring of poison resistance (right hand)
 l - a ring of protection from fire
 q - a ring of positive energy
Wands
 r - a wand of flame (6)
 x - a wand of iceblast (10)
Scrolls
 g - 3 scrolls of magic mapping
 h - 4 scrolls of enchant weapon
 o - 6 scrolls of teleportation
 w - a scroll of fog
Potions
 m - a potion of flight {unknown}
 p - 3 potions of curing {unknown}
 t - a potion of mutation
 v - a potion of magic {unknown}


   Skills:
 + Level 8.5 Fighting
 + Level 11.5 Polearms
 - Level 2.4 Throwing
 + Level 10.5 Dodging
 + Level 7.9 Invocations


You had 9 spell levels left.
You didn't know any spells.
Your spell library contained the following spells:

 Spells                   Type           Power      Damage    Failure   Level
 Slow                     Hex            0%         N/A       83%         1
 Ensorcelled Hibernation  Hex/Ice        0%         N/A       92%         2
 Confusing Touch          Hex            0%         N/A       99%         3
 Conjure Flame            Conj/Fire      0%         6-21      99%         3
 Dazzling Flash           Conj/Hex       0%         N/A       99%         3
 Ignite Poison            Fire/Tmut/Pois 0%         N/A       99%         3
 Mephitic Cloud           Conj/Pois/Air  0%         N/A       99%         3
 Summon Guardian Golem    Hex/Summ       0%         N/A       99%         3
 Tukima's Dance           Hex            0%         N/A       99%         3
 Vampiric Draining        Necr           0%         2d6       99%         3
 Sticky Flame             Conj/Fire      0%         2d3       100%        4
 Agony                    Necr           0%         N/A       100%        5
 Freezing Cloud           Conj/Ice/Air   0%         6-21      100%        5
 Silence                  Hex/Air        0%         N/A       100%        5
 Simulacrum               Ice/Necr       0%         N/A       100%        6
 Malign Gateway           Summ/Tloc      0%         N/A       100%        7
 Orb of Destruction       Conj           0%         N/A       100%        7
 Spellforged Servitor     Conj/Summ      0%         N/A       100%        7
 Summon Horrible Things   Summ           0%         N/A       100%        8
 Polar Vortex             Ice            0%         N/A       100%        9


Dungeon Overview and Level Annotations

Branches:
Dungeon (8/15)             Temple (1/1) D:7
   Lair: D:8-11

Altars:
Ashenzari
Cheibriados
Dithmenos
Elyvilon
Fedhas
Gozag
Hepliaklqana
Kikubaaqudgha
Makhleb
Okawaru
Qazlal
Sif Muna
Trog
Uskayaw
Vehumet
Wu Jian
Xom
Yredelemnul
Zin
The Shining One
Beogh

Annotations:
D:8 Erica


Innate Abilities, Weirdness & Mutations

((You are quick and stealthy near water. (Stealth+, EV+, Speed+++)))
Your lower body shifts to a powerful aquatic tail in water.


Message History

A lance of force appears from out of thin air!
The lance of force hits you.
You are knocked back by the lance of force.
Okay, then.
Aiming: Upheaval
Press: ? - help, Dir - move target Magma suddenly erupts from the ground!
The blast of magma engulfs something.
Something hits you! Something burns you.
* * * LOW HITPOINT WARNING * * *
Unknown command.
You closely miss something. Something hits you.
* * * LOW HITPOINT WARNING * * *
Something burns you.
* * * LOW HITPOINT WARNING * * *
You barely miss something. Something hits you!
* * * LOW HITPOINT WARNING * * *
Something burns you.
* * * LOW HITPOINT WARNING * * *
You fade into invisibility!
You hear some strange, mumbled words.
You are confused.
Something barely misses you.
You hear some strange, mumbled words.
A bolt of poison appears from out of thin air!
The bolt of poison misses you.
You hear some strange, mumbled words.
Something tries to affect you, but you resist.
Something tries to affect you, but you resist.
You bump into the rock wall.
You feel less confused.
You hear some strange, mumbled words.
A bolt of poison appears from out of thin air!
The bolt of poison hits you!
You are lethally poisoned!
You resist.
* * * LOW HITPOINT WARNING * * *
As you read the scroll of teleportation, it crumbles to dust.
You feel strangely unstable.
You flicker for a moment.
You die...

##...# #..............
#....#####.....(.......#
#............[.........#
#####...#####.)...........#
##..###....###.<)..........#
.
##....###....##..).#.#####+##
...##......##....##..........
#.........†.....###.........
##.#...#####..#@# #...#.....
# #..## #...°###...#.....
#.## #.#.............. #.#
#.#........#..#.# ...
..#...##...#..#.# .#.#
#..#............. #.#.#
#..##..##.#.#..#.
#..#.............
##..#...##.#.#..##


There were no monsters in sight!

Vanquished Creatures
  A gargoyle (D:6)
  2 trolls (D:7)
  The ghost of greenreed the Ruffian, an amateur DrTm (D:4)
  A meliai zombie (D:7)
  4 yaks (D:8)
  A wraith (D:5)
  Menkaure (D:7)
  2 acid dragons (D:7)
  Edmund (D:6)
  A water moccasin (D:8)
  A sky beast (D:6)
  An ice beast (D:6)
  3 necrophages
  A black bear (D:6)
  A phantom (D:6)
  2 centaurs
  Blork the orc (D:6)
  2 bullfrogs
  A scorpion (D:6)
  A wyvern skeleton (D:6)
  A bullfrog zombie (D:6)
  2 centaur zombies
  3 hounds
  4 orc priests
  Crazy Yiuf (D:6)
  A centaur skeleton (D:6)
  4 iguanas
  Jessica (D:2)
  A gnoll shaman (D:4)
  7 orc wizards
  A killer bee zombie (D:8)
  A hound skeleton (D:4)
  A howler monkey zombie (D:7)
  7 gnolls
  A howler monkey skeleton (D:7)
  9 adders
  3 shadow imps
  A white imp (D:5)
  2 ufetubi
  2 dart slugs
  36 orcs
  5 endoplasms
  A giant cockroach (D:3)
  5 goblins
  6 hobgoblins
  7 jackals
  4 kobolds
  6 quokkas
  11 ball pythons
  5 bats
  3 frilled lizards
  6 rats
177 creatures vanquished.

Vanquished Creatures (others)
  Sigmund (D:6)
  A hound (D:5)
  8 plants (D:4)
10 creatures vanquished.

Grand Total: 187 creatures vanquished

Notes
Turn   | Place    | Note
-------+----------+-------------------------------------------
     0 | D:1      | TheGamechu the Merfolk Gladiator began the quest for the
                  | Orb.
     0 | D:1      | Reached XP level 1. HP: 16/16 MP: 1/1
   373 | D:1      | Reached XP level 2. HP: 23/23 MP: 2/2
   596 | D:1      | Reached XP level 3. HP: 28/28 MP: 3/3
   613 | D:1      | Found a faded altar of an unknown god.
   621 | D:1      | Prayed at the altar of an unknown god.
   621 | D:1      | Became a worshipper of Qazlal Stormbringer
   621 | D:1      | Reached * piety under Qazlal
   884 | D:2      | Reached skill level 5 in Polearms
  1062 | D:2      | Noticed Jessica
  1068 | D:2      | Killed Jessica
  1069 | D:2      | Reached skill level 1 in Invocations
  1069 | D:2      | Reached XP level 4. HP: 21/35 MP: 4/4
  2304 | D:3      | Reached skill level 5 in Dodging
  2347 | D:3      | Reached ** piety under Qazlal
  2447 | D:3      | Reached XP level 5. HP: 41/41 MP: 6/6
  2624 | D:3      | Found a glowing silver altar of Zin.
  3222 | D:4      | Reached skill level 6 in Polearms
  3577 | D:4      | Reached XP level 6. HP: 48/48 MP: 7/7
  3710 | D:4      | Noticed a necrophage
  3715 | D:4      | Killed a necrophage
  3783 | D:4      | Found a runed translucent gate.
  3783 | D:4      | Noticed greenreed's ghost (amateur DrTm)
  3784 | D:4      | Found a runed translucent gate.
  3784 | D:4      | Identified the +5 hand axe "Majim" {vorpal, Dex+2}
  3784 | D:4      | Identified the +6 scale mail of Hangman {Str+4}
  3785 | D:4      | Found a runed translucent gate.
  4116 | D:4      | Killed greenreed's ghost
  4117 | D:4      | Reached skill level 7 in Polearms
  4117 | D:4      | Reached XP level 7. HP: 35/55 MP: 9/9
  4358 | D:5      | Entered Level 5 of the Dungeon
  4463 | D:5      | Reached skill level 5 in Fighting
  4488 | D:5      | Reached *** piety under Qazlal
  4547 | D:5      | You fall into a shaft and drop 1 floor!
  4572 | D:5      | Reached XP level 8. HP: 49/62 MP: 11/11
  4836 | D:5      | Reached skill level 8 in Polearms
  5019 | D:5      | Noticed a wraith
  5030 | D:5      | Killed a wraith
  5212 | D:6      | Reached skill level 5 in Invocations
  5515 | D:6      | Reached skill level 9 in Polearms
  5600 | D:6      | Reached XP level 9. HP: 71/71 MP: 13/13
  5654 | D:6      | Found a runed translucent door.
  5655 | D:6      | Noticed Crazy Yiuf
  5830 | D:6      | Noticed Sigmund
  5842 | D:6      | Noticed a gargoyle
  5855 | D:6      | Killed Sigmund
  5871 | D:6      | Killed a gargoyle
  5876 | D:6      | Noticed Blork the orc
  5882 | D:6      | Killed Blork the orc
  6100 | D:6      | Noticed Edmund
  6116 | D:6      | Killed Edmund
  6231 | D:6      | Reached skill level 10 in Polearms
  6485 | D:6      | Killed Crazy Yiuf
  6664 | D:7      | Found a basalt altar of Yredelemnul.
  6664 | D:7      | Noticed Menkaure
  6667 | D:7      | Killed Menkaure
  6763 | D:7      | Found a staircase to the Ecumenical Temple.
  7105 | D:7      | Reached XP level 10. HP: 36/80 MP: 15/15
  7314 | D:7      | Reached skill level 11 in Polearms
  7314 | D:7      | Reached skill level 10 in Dodging
  7650 | Temple   | Entered the Ecumenical Temple
  8197 | D:8      | Noticed Erica
  8230 | D:8      | HP: 2/82 [something/bolt of poison (10)]
  8231 | D:8      | Succumbed to Erica's bolt of poison

Illustrated notes

Levels and vault maps discovered:
D:1:      lightli_arrival_isolated_outpost, layout_rooms,
          ebering_ecumenical_altar_hall
D:2:      layout_basic, st_stairs_12, uniq_jessica
D:3:      layout_basic, lemuel_crystal_altar, serial_glass, glass_columns_b,
          glass_columns_b, due_unseen_surprise
D:4:      layout_loops_ring, biasface_ghost_orc_armoury, serial_bayou_pond_c
D:5:      layout_rooms, chequers_serial_rivers_micro_b
D:6:      layout_loops_ring, minmay_misc_feat_room, minmay_checkerbox,
          uniq_sigmund, uniq_blork_the_orc, uniq_edmund, uniq_crazy_yiuf_cottage
D:7:      layout_basic, mainiacjoe_overflow_concentric_impassable,
          minmay_temple_entry_junction, kb_rosetta, uniq_menkaure
D:8:      layout_basic, minivault_19, uniq_erica
Temple:   compressed_dpeg_circular_temple

Skill      XL: |  1  2  3  4  5  6  7  8  9 10 |
---------------+-------------------------------+-----
Polearms       | 5 6 7 9 10 11 | 11.5
Fighting       | 3 4 5 6 7 8 |  8.5
Invocations    | 1 2 3 4 5 7 |  7.9
Dodging        | 5 6 8 9 10 | 10.5
Throwing       | |  2.4

Action                   |  1- 3 |  4- 6 |  7- 9 | 10-12 || total
-------------------------+-------+-------+-------+-------++-------
Melee: Trident           |    95 |   180 |   331 |   111 ||   717
       Tailslap          |     1 |       |       |       ||     1
Throw: Throwing net      |       |     3 |       |       ||     3
       Stone             |       |       |     2 |       ||     2
       Boomerang         |       |       |     4 |     8 ||    12
Invok: Upheaval          |       |     2 |     3 |     4 ||     9
  Use: Scroll            |       |    10 |     7 |     3 ||    20
       Potion            |       |     2 |       |     1 ||     3
Armor: Leather armour    |    15 |    26 |       |       ||    41
       Scale mail        |       |       |   115 |    24 ||   139
Dodge: Dodged            |    52 |   100 |   150 |    58 ||   360
Block: Other             |     2 |    12 |    40 |    15 ||    69

Table legend: (Time is in decaauts)
 A = Elapsed time spent in this place.
 B = Non-inter-level travel time spent in this place.
 C = Inter-level travel time spent in this place.
 D = Time resting spent in this place.
 E = Time spent auto-exploring this place.
 F = Levels seen in this place.
 G = Mean time per level.
                   A        B        C        D        E       F      G
               +--------+--------+--------+--------+--------+-----+--------+
         Total |   8144 |   7837 |    307 |      9 |   6425 |   9 |  904.9 |
       Dungeon |   8014 |   7744 |    270 |      9 |   6348 |   8 | 1001.8 |
        Temple |    130 |     93 |     37 |      0 |     77 |   1 |  130.0 |
               +--------+--------+--------+--------+--------+-----+--------+

Top non-repeatable levels by time:
     D:2: 1438 daAuts
     D:4: 1351 daAuts
     D:6: 1302 daAuts
     D:7: 1152 daAuts
     D:5: 821 daAuts
     D:1: 816 daAuts
     D:3: 721 daAuts
     D:8: 410 daAuts
  Temple: 130 daAuts
